 Dungeon Crawl Stone Soup version 0.21.1-1-g345015fe64 (webtiles) character file.

557 Oravi the Changer (level 7, -3/48 HPs)
             Began as a Merfolk Transmuter on Apr 12, 2018.
             Slain by Grinder (6 damage)
             ... while paralysed by Grinder
             ... in a sewer.
             The game lasted 00:13:16 (3235 turns).

Oravi the Changer (Merfolk Transmuter)              Turns: 3235, Time: 00:13:17

Health: -3/48      AC:  2    Str: 10      XL:     7   Next: 30%
Magic:  10/10      EV:  5    Int: 14      God:
Gold:   135        SH:  0    Dex: 19 (20) Spells: 4/10 levels left

rFire    . . .     SeeInvis .     - Unarmed
rCold    . . .     Gourm    .   (shield currently unavailable)
rNeg     . . .     Faith    .   (armour currently unavailable)
rPois    x         Spirit   .   (helmet currently unavailable)
rElec    .         Reflect  .   (cloak currently unavailable)
rCorr    .         Harm     .   (gloves currently unavailable)
MR       .....                  (boots currently unavailable)
Stlth    ++........             (no amulet)
HPRegen  0.16/turn              (no ring)
MPRegen  0.12/turn              (no ring)

@: paralysed, spider-form (expiring)
A: tiny, (change form in water), (swift swim), (stealthy swim)
a: End Transformation


You were in a sewer.
You were not hungry.
You were a venomous arachnid creature.
You visited 1 branch of the dungeon, and saw 3 of its levels.
You also visited: Sewer.

You collected 135 gold pieces.

Inventory:

Missiles
 a - 31 arrows
Armour
 b - a +0 robe (melded)
Scrolls
 g - a scroll of teleportation
 h - a scroll of identify
 j - a scroll of enchant weapon {unknown}
 k - 2 scrolls of remove curse
Potions
 e - 2 potions of curing
 i - a potion of heal wounds {unknown}
 l - a potion of flight {unknown}
Books
 c - a book of Changes

   Spells                             Type                      Level
   a - Beastly Appendage              Transmutation                1
   b - Sticks to Snakes               Transmutation                2
   c - Spider Form                    Transmutation/Poison         3
   d - Ice Form                       Ice/Transmutation            4
   e - Blade Hands                    Transmutation                5
Comestibles
 d - 7 rations


   Skills:
 + Level 1.5 Fighting
 + Level 4.4 Dodging
 + Level 6.0 Unarmed Combat
 - Level 2.0 Spellcasting
 * Level 6.2 Transmutations
 * Level 2.7 Poison Magic


You had 4 spell levels left.
You knew the following spells:

 Your Spells              Type           Power        Failure   Level  Hunger
a - Beastly Appendage     Tmut           ###...       8%          1    ##.....
b - Sticks to Snakes      Tmut           ###.....     10%         2    ###....
c - Spider Form           Tmut/Pois      ##........   26%         3    ####...


Dungeon Overview and Level Annotations

Branches:
Dungeon (3/15)

Altars:
Kikubaaqudgha
Wu Jian

Annotations:
Sewer Grinder


Message History

Grinder gestures at you.
You suddenly lose the ability to move!
The shadow imp barely misses you. Grinder barely misses you.
The shadow imp hits you. Grinder hits you.
You writhe in agony.
The shadow imp completely misses you. Grinder says, "Are you a fish?"
Grinder gestures at you.
You shrug off the repeated paralysis!
The shadow imp hits you. Grinder hits you.
You writhe in agony.
* * * LOW HITPOINT WARNING * * *
The shadow imp hits you but does no damage.
Grinder hits you but does no damage. The shadow imp hits you.
* * * LOW HITPOINT WARNING * * *
Grinder hits you but does no damage.
The shadow imp shouts, "Scamper hence, thou spongy milk-livered pumpion!"
The shadow imp barely misses you. Grinder hits you.
* * * LOW HITPOINT WARNING * * *
You writhe in agony.
You die...

≈≈≈≈≈≈≈≈≈≈≈≈.#..≈##§....#
≈≈≈≈≈≈≈≈≈≈≈≈.#.≈≈##§§§§.#
≈≈≈≈≈≈≈≈≈≈≈≈.#..≈##.§.§§#
≈≈≈≈≈≈≈≈≈≈≈..#.(≈###'''##
≈≈≈≈≈≈≈≈≈≈...#.≈≈###...##
≈##≈##≈###.####.###..§..##
..)()......≈≈#≈..#.....§.+
≈≈≈≈≈≈≈≈≈.≈≈≈≈≈.55.§._...+
...........≈≈#≈)s#.....§.+
#≈#≈≈###≈#.####)###..§..##
≈≈≈≈≈≈≈≈≈≈...#.)≈###Z..##
≈≈≈≈≈≈≈≈≈≈≈..#.≈≈# #'''#
≈≈≈≈≈≈≈≈≈≈≈≈.#.≈≈# ...5.#
≈≈≈≈≈≈≈≈≈≈≈..#.≈≈##.≈§≈.#
≈≈≈≈≈≈≈≈≈.#.≈≈##.5...#
+.≈≈###...## #### ##.##
#!$?#


You could see Grinder and a shadow imp.

Vanquished Creatures
  The ghost of Dreamer the Changer, an amateur OpTm (D:3)
  A big kobold (Sewer)
  A vampire bat (D:2)
  A quasit (Sewer)
  Natasha (twice) (D:2)
  A big kobold zombie (Sewer)
  4 adders
  2 shadow imps (Sewer)
  2 ufetubi (Sewer)
  2 oozes
  A worm (D:2)
  3 dart slugs (D:1)
  4 leopard geckos
  An orc (D:3)
  2 bat skeletons (D:2)
  3 bat zombies
  9 giant cockroaches
  10 goblins
  8 hobgoblins
  4 jackals
  A quokka (D:2)
  A ball python (D:2)
  10 bats
  4 frilled lizards
  13 kobolds
  6 rats
97 creatures vanquished.

Notes
Turn   | Place    | Note
-------+----------+-------------------------------------------
     0 | D:1      | Oravi the Merfolk Transmuter began the quest for the Orb.
     0 | D:1      | Reached XP level 1. HP: 15/15 MP: 3/3
   140 | D:1      | Reached XP level 2. HP: 4/21 MP: 3/5
   484 | D:1      | HP: 1/21 [leopard gecko (3)]
   884 | D:1      | Reached XP level 3. HP: 25/26 MP: 4/6
   894 | D:1      | Learned a level 2 spell: Sticks to Snakes
   898 | D:1      | Learned a level 3 spell: Spider Form
  1560 | D:2      | Found an ornate altar of the Wu Jian Council.
  1809 | D:2      | Noticed Natasha
  1810 | D:2      | Reached XP level 4. HP: 32/32 MP: 3/7
  1816 | D:2      | Killed Natasha
  2114 | D:2      | Noticed Natasha
  2118 | D:2      | Reached skill level 1 in Poison Magic
  2122 | D:2      | Killed Natasha
  2122 | D:2      | Reached XP level 5. HP: 33/37 MP: 3/8
  2280 | D:2      | Found an ancient bone altar of Kikubaaqudgha.
  2286 | D:2      | Reached skill level 5 in Unarmed Combat
  2286 | D:2      | Reached skill level 5 in Transmutations
  2594 | D:3      | Noticed Dreamer's ghost (amateur OpTm)
  2608 | D:3      | Killed Dreamer's ghost
  2608 | D:3      | Reached XP level 6. HP: 23/43 MP: 3/9
  2682 | D:3      | Found a glowing drain.
  2697 | Sewer    | Entered a sewer
  2982 | Sewer    | Found a burning altar of Makhleb.
  3002 | Sewer    | Reached XP level 7. HP: 30/48 MP: 5/10
  3208 | Sewer    | Noticed Grinder
  3228 | Sewer    | Paralysed by Grinder for 7 turns
  3235 | Sewer    | Slain by Grinder

Skill      XL: |  1  2  3  4  5  6 |
---------------+-------------------+-----
Dodging        | 3 4 |  4.4
Unarmed Combat | 4 5 6 |  6.0
Transmutations | 3 4 5 6 |  6.2
Poison Magic   | 1 2 |  2.7
Fighting       | |  1.5
Spellcasting   | |  2.0

Action                   |  1- 3 |  4- 6 |  7- 9 || total
-------------------------+-------+-------+-------++-------
Melee: Unarmed           |   125 |   117 |    35 ||   277
       Headbutt          |    17 |       |       ||    17
 Cast: Beastly Appendage |    21 |       |       ||    21
       Spider Form       |     4 |    18 |     3 ||    25
  Use: Scroll            |       |     6 |       ||     6
       Potion            |       |     1 |       ||     1
 Stab: Sleeping          |       |     1 |       ||     1
  Eat: Chunk             |     4 |     6 |     2 ||    12
Armor: Robe              |    25 |     1 |       ||    26
       Skin              |       |    16 |    14 ||    30
Dodge: Dodged            |    90 |   142 |    55 ||   287
